Map: Frozen Temple

Players

Rakan

  • Race: Terran Terran
  • League: Diamond

Drager - Winner!

  • Race: Protoss Protoss
  • League: Master

VOD

https://www.youtube.com/channel/UCcSgNfDNxvyisU-eCj9xyNg/playlists

Description

Time

  • Played on: Aug. 26, 2016, 7:12 a.m.
  • Length: 7:33
Show
View Real Time Build Order
Export as new Build Order

Rakan Terran 

Build Orders: Reaper Expand, MMM Bio 

Get SALT Encoding   

  12  0:00  SCV  
  13  0:12  SCV  
  14  0:18  Supply Depot  
  14  0:25  SCV  
  15  0:39  SCV  
  15  0:41  Barracks  
  16  0:44  Refinery  
  16  0:52  SCV  
  17  1:04  SCV  
  18  1:16  SCV  
  19  1:29  Reaper  
  19  1:30  Orbital Command  
  20  1:42  Command Center  
  20  1:53  Barracks  
  20  1:57  SCV  
  21  2:02  Barracks Reactor  
  21  2:07  Supply Depot  
  21  2:12  Refinery  
  21  2:14  SCV  
  22  2:24  Factory  
  22  2:27  SCV  
  23  2:39  SCV  
  23  2:41  Barracks Tech Lab, Marine x2  
  27  2:51  SCV  
  27  2:56  Orbital Command  
  27  3:02  Marine x2  
  27  3:03  SCV  
  30  3:06  Stimpack  
  30  3:10  Widow Mine  
  32  3:15  Marine  
  32  3:16  SCV  
  34  3:22  SCV  
  35  3:28  SCV  
  35  3:32  Marine x2  
  35  3:33  Bunker  
  38  3:34  SCV  
  38  3:38  Starport  
  38  3:40  Widow Mine  
  41  3:45  SCV  
  41  3:47  Marine  
  43  3:50  Marine  
  43  3:54  SCV  
  45  3:58  SCV  
  46  4:04  Supply Depot, Engineering Bay  
  46  4:09  SCV  
  47  4:10  Widow Mine, Supply Depot  
  47  4:14  SCV  
  47  4:15  Marine x3  
  53  4:26  Medivac  
  53  4:27  SCV  
  53  4:30  SCV  
  57  4:36  Missile Turret, Marine x2  
  59  4:39  SCV  
  59  4:42  SCV  
  61  4:47  Liberator  
  61  4:51  SCV, Factory Reactor  
  62  4:54  SCV  
  63  5:03  SCV, Marine x2  
  67  5:16  Command Center  
  67  5:20  SCV  
  64  5:23  SCV  
  60  5:30  Combat Shields, Marine x2  
  60  5:31  Marauder  
  60  5:32  SCV  
  60  5:35  Barracks  
  63  5:47  Marine x2  
  63  5:48  SCV  
  66  5:52  SCV, Marauder  
  69  5:57  Supply Depot  
  69  6:01  SCV  
  67  6:04  SCV  
  67  6:09  Marine x2  
  66  6:13  SCV  
  66  6:14  Marauder  
  66  6:17  SCV  
  67  6:19  Liberator, Supply Depot  
  67  6:25  SCV  
  56  6:26  Marine  
  56  6:28  Marine  
  56  6:29  SCV, Marine  
  55  6:33  SCV  
  55  6:35  Marauder  
  55  6:37  SCV  
  62  6:41  SCV  
  62  6:45  SCV  
  58  6:49  SCV  
  58  6:50  Marine  
  58  6:53  SCV  
  57  6:54  Barracks Tech Lab  
  57  6:55  Marine  
  57  6:56  Marine  
  57  6:57  SCV  
  52  7:01  SCV  
  52  7:05  SCV  
  45  7:17  Barracks  
  45  7:18  Barracks  
  45  7:21  SCV  
Show
View Real Time Build Order
Export as new Build Order

Drager Protoss - Winner!

Build Orders: 1 Gate Expand, Blink Stalkers 

Get SALT Encoding   

  12  0:01  Probe (Chrono Boost)  
  13  0:11  Probe (Chrono Boost)  
  14  0:17  Pylon  
  14  0:22  Probe (Chrono Boost)  
  15  0:35  Probe (Chrono Boost)  
  16  0:36  Gateway  
  16  0:46  Probe (Chrono Boost)  
  16  0:47  Assimilator  
  17  0:56  Probe (Chrono Boost)  
  18  1:07  Probe (Chrono Boost)  
  19  1:19  Nexus  
  19  1:30  Cybernetics Core  
  19  1:33  Probe (Chrono Boost)  
  20  1:41  Assimilator  
  20  1:44  Probe (Chrono Boost)  
  21  1:52  Pylon  
  21  1:54  Probe (Chrono Boost)  
  22  2:10  Adept  
  22  2:11  Mothership Core (Chrono Boost)  
  22  2:15  Warp Gate  
  26  2:29  Probe (Chrono Boost)  
  27  2:31  Probe (Chrono Boost)  
  28  2:38  Robotics Facility  
  28  2:40  Probe (Chrono Boost)  
  28  2:41  Probe (Chrono Boost)  
  30  2:50  Probe (Chrono Boost)  
  31  2:52  Probe (Chrono Boost)  
  32  3:01  Twilight Council, Probe (Chrono Boost)  
  32  3:02  Probe (Chrono Boost)  
  34  3:11  Probe (Chrono Boost)  
  35  3:13  Probe (Chrono Boost)  
  36  3:22  Blink, Probe (Chrono Boost)  
  36  3:23  Probe (Chrono Boost)  
  36  3:25  Gateway x2  
  36  3:26  Observer  
  39  3:33  Probe (Chrono Boost), Pylon  
  41  3:34  Probe (Chrono Boost)  
  41  3:45  Probe x2 (Chrono Boost)  
  41  3:47  Assimilator  
  43  3:49  Observer  
  43  3:55  Probe (Chrono Boost)  
  45  3:57  Probe (Chrono Boost)  
  45  4:00  Pylon  
  47  4:10  Probe (Chrono Boost)  
  47  4:15  Observer  
  47  4:16  Nexus  
  48  4:21  Stalker  
  48  4:22  Stalker  
  48  4:23  Stalker  
  54  4:28  Probe (Chrono Boost)  
  54  4:29  Probe (Chrono Boost)  
  56  4:39  Probe (Chrono Boost)  
  56  4:41  Probe (Chrono Boost)  
  58  4:45  Stalker x2  
  58  4:47  Pylon  
  62  4:55  Pylon  
  62  5:06  Probe (Chrono Boost)  
  64  5:07  Probe (Chrono Boost)  
  64  5:10  Stalker x3  
  70  5:17  Probe (Chrono Boost)  
  69  5:34  Probe (Chrono Boost), Stalker x3  
  76  5:36  Probe x2 (Chrono Boost)  
  74  5:46  Probe (Chrono Boost)  
  74  5:49  Probe x2 (Chrono Boost)  
  77  6:07  Probe (Chrono Boost)  
  75  6:16  Probe (Chrono Boost)  
  75  6:17  Probe (Chrono Boost)  
  78  6:19  Probe (Chrono Boost)  
  78  6:25  Pylon  
  76  6:26  Stalker x3  
  76  6:27  Probe x2 (Chrono Boost), Pylon  
  76  6:31  Probe (Chrono Boost)  
  76  6:32  Gateway  
  85  6:33  Gateway  
  85  6:35  Gateway  
  85  6:37  Probe (Chrono Boost)  
  85  6:39  Gateway x2  
  80  6:46  Probe (Chrono Boost)  
  79  6:49  Probe (Chrono Boost)  
  79  6:50  Stalker x3  
  84  7:03  Probe (Chrono Boost)  
  83  7:08  Probe x2 (Chrono Boost)  
  83  7:12  Assimilator  
  83  7:13  Assimilator  
  83  7:14  Pylon  
  83  7:15  Probe (Chrono Boost), Pylon  
  86  7:19  Probe x2 (Chrono Boost)  
Tags
 
Add a new tag
Caveats
  • Supply blocks, unpowered buildings, or Contaminate may cause inaccurate times.
  • Supply counts are checked every 10 seconds.